 Dungeon Crawl Stone Soup version 0.29.1-13-g9f3cf754e1 (webtiles) character file.

Game seed: 996855442126460141

3936 buriedalive the Nimble (level 10, -7/60 HPs)
             Began as a Deep Elf Ice Elementalist on Jan 26, 2023.
             Was a Follower of Kikubaaqudgha.
             Shot with an arrow by a centaur (9 damage)
             ... on level 8 of the Dungeon.
             The game lasted 00:27:01 (11568 turns).

buriedalive the Nimble (Deep Elf Ice Elementalist) Turns: 11568, Time: 00:27:02

Health: -7/60      AC:  4    Str:  5    XL:     10   Next: 1%
Magic:  11/17      EV: 17    Int: 25    God:    Kikubaaqudgha [*.....]
Gold:   481        SH:  0    Dex: 15    Spells: 4/15 levels left

rFire   . . .      SeeInvis .   d - +3 dagger (venom)
rCold   + . .      Faith    .   (no shield)
rNeg    . . .      Spirit   .   a - +0 robe
rPois   .          Reflect  .   o - +0 helmet
rElec   .          Harm     .   (no cloak)
rCorr   .          Rampage  .   (no gloves)
Will    ++...                   s - +0 pair of boots
Stlth   ++........              (no amulet)
HPRegen 0.20/turn               B - ring of ice
MPRegen 0.15/turn               w - ring of protection from fire

@: lethally poisoned (-7 -> -9)
A: high MP 1, strong-willed 1
a: Renounce Religion, Unearth Wretches


You were on level 8 of the Dungeon.
You worshipped Kikubaaqudgha.
Kikubaaqudgha was aware of your devotion.
You visited 2 branches of the dungeon, and saw 9 of its levels.

You collected 481 gold pieces.

Inventory:

Hand Weapons
 d - a +3 dagger of venom (weapon)
 z - a +2 vorpal whip
 A - a +1 whip of flaming
Missiles
 u - 18 poisoned darts
 y - 5 atropa-tipped darts
 C - a curare-tipped dart
Armour
 a - a +0 robe (worn)
 o - a +0 helmet (worn)
 s - a +0 pair of boots (worn)
Jewellery
 h - a ring of magical power
 l - a +4 ring of evasion
 m - a +6 ring of dexterity
 q - an amulet of guardian spirit
 w - a ring of protection from fire (right hand)
 B - a ring of ice (left hand)
Wands
 e - a wand of flame (35)
 f - a wand of roots (14)
 g - a wand of quicksilver (9)
 x - a wand of charming (2)
 F - a wand of mindburst (2)
Scrolls
 c - 2 scrolls of blinking
 p - a scroll of poison
 r - 2 scrolls of butterflies
 t - 5 scrolls of teleportation
Potions
 b - a potion of magic
 i - 3 potions of mutation
 j - 3 potions of curing
 k - a potion of berserk rage
 n - 4 potions of haste
 v - 2 potions of invisibility
 D - a potion of flight {unknown}
 E - 2 potions of resistance


   Skills:
 + Level 5.8 Fighting
 + Level 11.0 Dodging
 - Level 2.4 Stealth
 - Level 3.0 Spellcasting
 + Level 3.7 Necromancy
 - Level 10.0 Ice Magic


You had 4 spell levels left.
You knew the following spells:

 Your Spells              Type           Power      Damage    Failure   Level
a - Freeze                Ice            100%       1d11      1%          1
b - Frozen Ramparts       Ice            100%       1d16      1%          3
c - Ozocubu's Armour      Ice            69%        N/A       1%          3
d - Animate Dead          Necr           22%        N/A       22%         4

Your spell library contained the following spells:

 Spells                   Type           Power      Damage    Failure   Level
 Necrotise                Necr           88%        1d8       2%          1
 Vampiric Draining        Necr           22%        2d7       7%          3
 Summon Small Mammal      Summ           12%        N/A       10%         1
 Hailstorm                Conj/Ice       43%        3d10      13%         4
 Call Canine Familiar     Summ           3%         N/A       30%         3
 Portal Projectile        Hex/Tloc       6%         N/A       30%         3
 Summon Guardian Golem    Hex/Summ       3%         N/A       30%         3
 Tukima's Dance           Hex            3%         N/A       30%         3
 Anguish                  Hex/Necr       6%         N/A       43%         4
 Leda's Liquefaction      Hex/Erth       1%         N/A       69%         4
 Passage of Golubria      Tloc           3%         N/A       69%         4
 Yara's Violent Unravell  Hex/Tmut       1%         3d3       95%         5


Dungeon Overview and Level Annotations

Branches:
Dungeon (8/15)             Temple (1/1) D:4
   Lair: D:8-11

Altars:
Ashenzari
Cheibriados
Dithmenos
Elyvilon
Gozag
Hepliaklqana
Kikubaaqudgha
Makhleb
Nemelex Xobeh
Okawaru
Ru
Sif Muna
Trog
Vehumet
Wu Jian
Xom
Yredelemnul
Zin
The Shining One

Shops:
D:5 ?

Annotations:
D:5 1 runed translucent door, RuggedK9's ghost, amateur HOFi
D:7 2 transporters
D:8 Erica


Innate Abilities, Weirdness & Mutations

You have an increased reservoir of magic. (+10% MP)
You are strong-willed. (Will+)


Message History

The bolt of poison hits you!!
You are poisoned.
Something shouts, "Remove thy stench, thou prissy tardy-gaited buzzard-bait!"
You feel very sick.
Erica gestures wildly while chanting.
Erica flickers and vanishes!
Deactivating autopickup; reactivate with Ctrl-A.
There is a stone staircase leading up here.
No target in view!
Casting: Freeze (safe; 1% risk of failure)
Confirm with . or Enter, or press ? or * to list all spells.
You feel a surge of power! A film of ice covers your body!
You feel sick.
A white imp comes into view.
Casting: Ozocubu's Armour (safe; 1% risk of failure)
Confirm with . or Enter, or press ? or * to list all spells.
Casting: Frozen Ramparts (safe; 1% risk of failure)
Press: ? - help, Dir - look around, f - activate A stone staircase leading up.
You feel a surge of power!
The walls around you are covered in ice.
You feel sick.
The wall freezes something!
You hear some strange, mumbled words.
A lance of force appears from out of thin air!
The lance of force hits you!
* * * LOW HITPOINT WARNING * * *
Your icy armour cracks and falls away as you move.
The frozen ramparts melt away as you move.
You are knocked back by the lance of force.
A centaur comes into view.
You feel sick.
The centaur shouts!
The centaur wields a +0 shortbow.
The centaur shoots an arrow.
The arrow hits you!
* * * LOW HITPOINT WARNING * * *
* * * LOW HITPOINT WARNING * * *
You feel sick.
* * * LOW HITPOINT WARNING * * *
You feel sick.
The centaur shoots an arrow.
The arrow hits you!
You die...
Kikubaaqudgha rasps: "You have failed me!
Welcome... death!"

....... .... #....$.......
.... ##............ ..#. ##
####............. ....
#..#..#...........c. ...[
.....5............ ....
#............... .....
#<##.......... .....
#.....@.....## .....
#............. .....
#####............. .....
#................. .....
#.#####.....#..### .##. #.#
########## ##
#.#########################
#....#...#.......#....†...#
#.##.#.###.#.#####.#.######


You could see a centaur and a white imp.

Vanquished Creatures
  Pikel (D:7)
  Maggie (D:6)
  Grinder (D:4)
  Sigmund (D:4)
  A wyvern (D:8)
  3 steam dragons
  A black bear (D:6)
  4 sky beasts (D:7)
  2 centaurs
  3 ogres
  2 lemures (D:7)
  A phantom (D:5)
  2 kobold brigands
  Blork the orc (D:6)
  A bullfrog (D:8)
  2 scorpions (D:6)
  4 wights (D:7)
  A howler monkey (D:8)
  5 orc priests
  A hound (D:5)
  2 jellies
  An iguana (D:4)
  Ijyb (D:4)
  Natasha (D:4)
  5 orc wizards
  Robin (D:3)
  7 gnolls
  3 adders
  A white imp (D:6)
  An ufetubus (D:6)
  2 worms
  A dart slug (D:5)
  18 orcs
  4 bats
  9 endoplasms
  2 giant cockroaches (D:4)
  17 goblins
  6 hobgoblins
  4 jackals (D:2)
  7 ball pythons
  10 frilled lizards
  12 kobolds
  3 rats
156 creatures vanquished.

Vanquished Creatures (collateral kills)
  A bullfrog (D:7)
1 creature vanquished.

Grand Total: 157 creatures vanquished

Notes
Turn   | Place    | Note
-------+----------+-------------------------------------------
     0 | D:1      | buriedalive the Deep Elf Ice Elementalist began the quest
                  | for the Orb.
     0 | D:1      | Reached XP level 1. HP: 10/10 MP: 6/6
   246 | D:1      | Reached skill level 3 in Dodging
   246 | D:1      | Reached XP level 2. HP: 11/15 MP: 0/8
  1298 | D:2      | Found a bloodstained altar of Trog.
  1403 | D:2      | Reached skill level 5 in Ice Magic
  1403 | D:2      | Reached XP level 3. HP: 16/19 MP: 9/9
  1407 | D:2      | Learned a level 3 spell: Frozen Ramparts
  1411 | D:2      | Learned a level 3 spell: Ozocubu's Armour
  1545 | D:2      | Gained mutation: You are strong-willed. (Will+) [potion of
                  | mutation]
  1545 | D:2      | Gained mutation: You have an increased reservoir of magic.
                  | (+10% MP) [potion of mutation]
  2331 | D:2      | Found a faded altar of an unknown god.
  2403 | D:3      | Found a glowing silver altar of Zin.
  2451 | D:3      | Noticed an ice beast
  2552 | D:3      | Reached skill level 4 in Dodging
  2580 | D:3      | Found a sacrificial altar of Ru.
  2717 | D:3      | Reached XP level 4. HP: 17/24 MP: 11/11
  2847 | D:3      | Found a bloodstained altar of Trog.
  2847 | D:3      | Noticed Robin
  2860 | D:3      | Killed Robin
  3626 | D:4      | Found an iron altar of Okawaru.
  3626 | D:4      | Identified the +9 sling of the Feather {venom, rElec MP-9
                  | Dex+4}
  3839 | D:4      | Noticed Grinder
  3850 | D:4      | Noticed Natasha
  3851 | D:4      | Killed Grinder
  3852 | D:4      | Reached skill level 5 in Dodging
  3852 | D:4      | Reached XP level 5. HP: 9/28 MP: 12/12
  3852 | D:4      | Reached XP level 6. HP: 11/32 MP: 12/13
  3852 | D:4      | Killed Natasha
  3860 | D:4      | Noticed Ijyb
  3872 | D:4      | Noticed Sigmund
  3873 | D:4      | Killed Ijyb
  3874 | D:4      | Reached skill level 6 in Dodging
  3894 | D:4      | Killed Sigmund
  3966 | D:4      | Reached XP level 7. HP: 33/36 MP: 14/14
  4163 | D:4      | Found a staircase to the Ecumenical Temple.
  4180 | Temple   | Entered the Ecumenical Temple
  4423 | Temple   | Became a worshipper of Kikubaaqudgha
  4526 | D:4      | Reached skill level 7 in Dodging
  5074 | D:5      | Entered Level 5 of the Dungeon
  5190 | D:5      | Found Bepesismuu's Magic Scroll Shoppe.
  5234 | D:5      | Found a runed translucent door.
  5235 | D:5      | Noticed RuggedK9's ghost (amateur HOFi)
  5235 | D:5      | Noticed a wyvern
  5246 | D:5      | Found a glowing golden altar of the Shining One.
  5299 | D:5      | Reached skill level 1 in Fighting
  5948 | D:5      | Found a hazy altar of Hepliaklqana.
  6164 | D:6      | Identified the +0 scale mail of Noughts and Crosses {rC++}
  6246 | D:6      | Reached XP level 8. HP: 44/44 MP: 15/15
  6537 | D:6      | Reached skill level 8 in Dodging
  6719 | D:6      | Reached * piety under Kikubaaqudgha
  6719 | D:6      | Received a gift from Kikubaaqudgha
  7055 | D:6      | Found a shimmering altar of Xom.
  7206 | D:6      | Found a sparkling altar of Nemelex Xobeh.
  7206 | D:6      | Found a snail-covered altar of Cheibriados.
  7208 | D:6      | Found a shimmering altar of Xom.
  7208 | D:6      | Found an ornate altar of the Wu Jian Council.
  7208 | D:6      | Found an ornate altar of the Wu Jian Council.
  7250 | D:6      | Noticed Blork the orc
  7268 | D:6      | Killed Blork the orc
  7841 | D:6      | Noticed Maggie
  7856 | D:6      | Killed Maggie
  7857 | D:6      | Reached skill level 9 in Dodging
  8336 | D:7      | Reached XP level 9. HP: 52/52 MP: 16/16
  8921 | D:7      | Found a transporter.
  9074 | D:7      | Found a transporter.
  9301 | D:7      | Reached skill level 10 in Dodging
  9571 | D:7      | Reached skill level 10 in Ice Magic
  9583 | D:7      | Reached skill level 5 in Fighting
 10266 | D:7      | Learned a level 4 spell: Animate Dead
 10436 | D:7      | Noticed a kobold demonologist
 10437 | D:7      | Noticed an orc sorcerer
 10542 | D:7      | Noticed Pikel
 10557 | D:7      | Killed Pikel
 10903 | D:8      | Found a shimmering blue altar of Sif Muna.
 11068 | D:8      | Identified the +3 ring mail "Sutab" {Regen+}
 11259 | D:8      | Reached skill level 11 in Dodging
 11259 | D:8      | Reached XP level 10. HP: 36/60 MP: 14/17
 11482 | D:8      | Noticed a gargoyle
 11559 | D:8      | Noticed Erica
 11567 | D:8      | HP: 3/60 [poisoned by Erica (bolt of poison)]
 11568 | D:8      | Shot with an arrow by a centaur

Illustrated notes

Levels and vault maps discovered:
D:1:      amcnicky_arrival_flooded_fountain, layout_basic, bh_walls_and_bars
D:2:      layout_basic, basic_altar, dilly_ecumenical_altar_fadedgnrine,
          chequers_serial_rivers_small_b, minmay_lizard_pond
D:3:      layout_basic, zin_academy, trog_three_pillars_becter,
          nicolae_ru_sacrificial_ziggurat, uniq_robin
D:4:      layout_loops_ring, okawaru_ov_weapons_minmay, serial_co_window_serial,
          co_window_paths_a, co_window_paths_a, co_window_paths_a,
          co_window_cross_1, co_window_corner_a, co_window_unsneaky_path_e,
          co_window_of_opportunity_c, co_window_2corner, co_window_4corner_a,
          glass_columns_a, glass_columns_a, uniq_grinder, uniq_ijyb,
          uniq_sigmund, uniq_natasha
D:5:      layout_cave_pools, general_overflow_altar, mainiacjoe_overflow_paths,
          ebering_ghost_inner_flame, serial_park_tiny_2,
          hangedman_decor_riveting, nicolae_wooded_promenade
D:6:      layout_cave_pods, doesnt_xom_only_xom, uniq_blork_the_orc, uniq_maggie
D:7:      gammafunk_wand_slinger, layout_basic, hangedman_misty_isle, uniq_pikel
D:8:      layout_cave_pools, mainiacjoe_overflow_boulevard,
          nicolae_uskayaw_en_pointe, erik_lair_orcish_takeover,
          hangedman_abyss_or_decor_lesser_grid, grunt_ogre_cave, wad_mini_maze,
          uniq_erica
Temple:   grunt_temple_mini_profane

Skill      XL: |  1  2  3  4  5  6  7  8  9 |
---------------+----------------------------+-----
Dodging        | 3 4 5 6 7 9 11 | 11.0
Ice Magic      | 5 6 7 8 9 10 | 10.0
Fighting       | 2 4 5 |  5.8
Necromancy     | 3 |  3.7
Stealth        | |  2.4
Spellcasting   | |  3.0

Action                   |  1- 3 |  4- 6 |  7- 9 | 10-12 || total
-------------------------+-------+-------+-------+-------++-------
Melee: Hand axe          |    65 |    24 |    22 |       ||   111
       Whip              |       |       |     4 |       ||     4
       Dagger            |       |       |   127 |     5 ||   132
       Punch             |       |       |     2 |       ||     2
 Cast: Freeze            |    29 |    16 |    45 |     1 ||    91
       Frozen Ramparts   |     3 |     8 |    36 |     1 ||    48
       Ozocubu's Armour  |       |     5 |    38 |     1 ||    44
Evoke: Wand              |       |    13 |       |       ||    13
  Use: Scroll            |     5 |     3 |     7 |       ||    15
       Potion            |     1 |     8 |     3 |       ||    12
 Stab: Sleeping          |     8 |     2 |     1 |       ||    11
Armor: Robe              |    15 |    13 |    45 |       ||    73
Dodge: Dodged            |    70 |    64 |   207 |     3 ||   344
